Unix xNetHack Version 7.1.0 - last build Jul 4 2022 02:09:00 (ec8469f2eb63cac24863ec985b09651f3a72bf9f). Game began 2022-07-06 09:08:09, ended 2022-07-06 09:34:20. nmlkj, chaotic male human Wizard --- -- -- ------.--------.-- --.---- ----- |..-|.......||...-- --- |.(...-- ----...| |...|.......| ....-- -- ----.---- |......-- |.*....| ---.|-...|..| ....| ---.-- --.......| -......---......| --.--...|..----...-- .... |........|--- ---- |........^......--- |.......|..........-- .... --.....---|..--..-- --...............-- |...---.|--.-.......-- -... |....|....|.......--|.................-- ----- |.--.......*[..--- |..- --..------.|--.......|........%..<......| |................|--..| --..-- |.---.........--......)........| |.|..............||... ---...-- |.....-.......-----.......|.|.-- |.|....@@....--.---..----......- --.-.............|--..--.------ |.|.....@...%| ---....|......|..- |.............-- - ------- |.|......---)|---..|........---.. |........--...| |.|-.....| |.--...--....^..*| .| ----.....|--..- --.|--..i.| |)....-|....----.- -- |.....- |... |..| ---.-- ----.--|....| |.. ---.... --... -.-- --- --- ---..- --.. --..- ---- |..| ---. --- ---- |..| ---- Nmlkj the Conjurer St:14 Dx:11 Co:15 In:18 Wi:9 Ch:9 Chaotic S:1355 Dlvl:5 $:53 HP:0(47) Pw:40(43) AC:-2 Xp:5/263 T:1412 Burdened Latest messages: You kill the gnome! There are several objects here. There is a gnome lord corpse here; eat it? [ynq] (n) y This gnome lord corpse tastes okay. You finish eating the gnome lord corpse. There is a partly eaten gnome corpse here; eat it? [ynq] (n) y This gnome corpse tastes terrible! You stop eating the gnome corpse. In what direction? u The spell hits the gnome lord! You kill the gnome lord! The spell hits it. It gets angry! "Halt! You're under arrest!" You hear the shrill sound of guards' whistles. You are hit by a knife. You see here a dagger. The watchman punches you! The watchman misses! Your crystal plate mail deflects the watchman's attack. The watchman punches you! The watchman punches you! You climb up the stairs. Your candles are getting short. In what direction? h The spell misses the kobold shaman. In what direction? h The spell hits the kobold shaman! You kill the kobold shaman! You fall down the stairs. The watchman misses! The watchman punches you! The watchman punches you! You hear someone cursing shoplifters. The watchman thrusts her platinum short sword. The watchman hits you! The watchman's ring mail blocks your attack. The watchman punches you! The watchman punches you! The watchman punches you! The watchman punches you! The watchman pursues you! The watchman pursues you! You climb up the stairs. The watchman thrusts her platinum short sword. The watchman pierces you! The watchman punches you! The watchman thrusts her platinum short sword. The watchman jabs you! You die... Major events: Turn 1: nmlkj the chaotic male human Wizard entered the dungeon 767: entered the Gnomish Mines 770: attained the rank of Conjurer (level 3) 1412: killed by a watchman Inventory: Inventory: 903/775 weight (29/52 slots) Coins $ - 53 gold pieces {1} Weapons p - a cursed +0 iron elven bow {80} x - a +0 dagger {10} o - a cursed +0 elven dagger (at the ready) {10} a - a blessed +1 quarterstaff (weapon in hands) {40} Armor A - an uncursed +0 dwarvish helm (being worn) {30} y - an uncursed +0 pair of dwarvish boots (being worn) {38} b - an uncursed +0 cloak of magic resistance (being worn) {8} g - an uncursed +0 crystal plate mail (being worn) {338} Comestibles q - a cursed pear {2} j - 2 uncursed lichen corpses {40} Scrolls C - an uncursed scroll of light {5} h - an uncursed scroll of remove curse {5} n - an uncursed scroll of teleportation {5} i - an uncursed scroll of water {5} Spellbooks l - an uncursed spellbook of fireball {50} c - a blessed spellbook of force bolt {35} e - an uncursed spellbook of healing {35} d - a blessed spellbook of magic missile {40} f - an uncursed spellbook of slow monster {35} Potions B - an uncursed potion of object detection {20} t - an uncursed potion of see invisible {20} Rings m - an uncursed ring of searching {3} Wands z - a wand of digging (0:6) {7} u - a wand of digging (0:5) {7} Tools v - a leather bag of tricks (0:20) {22} k - an uncursed skeleton key {3} s - an uncursed skeleton key {3} r - an uncursed glass skeleton key {2} w - 2 uncursed partly used tallow candles (lit) {4} Nmlkj the Wizard's attributes: Background: You were a Conjurer, a level 5 male human Wizard. You were chaotic, nominally on a mission for Anhur who was opposed by Ptah (lawful) and Thoth (neutral). You were heterosexual. You were in the Gnomish Mines, on level 5. You entered the dungeon 1412 turns ago. You had 263 experience points, 57 more were needed to attain level 6. Your score was 1355 before end-of-game adjustments. Basics: You had 0 out of 47 hit points. You had 40 out of 43 energy points (spell power). Your armor class was -2. Your wallet contained 53 zorkmids. Autopickup was on for '$"?+!=/' plus thrown. Final Characteristics: Your strength was 14 (limit:18/100). Your dexterity was 11 (limit:18). Your constitution was 15 (limit:18). Your intelligence was 18 (limit:18). Your wisdom was 9 (limit:18). Your charisma was 9 (limit:18). Final Status: You were not hungry. You were burdened; movement was slightly slowed. You were wielding a quarterstaff. You had basic skill with quarterstaff. Final Attributes: You were devoutly aligned. You were magic-protected. You were guarded. You are dead. Miscellaneous: You never encountered a bones level. Total elapsed playing time was 16 minutes and 33 seconds. Vanquished creatures: 3 gnome leaders 4 dwarves a kobold shaman an acid blob a gas spore a hobbit 18 gnomes 2 geckos a jackal a goblin 3 grid bugs 4 lichens a kobold zombie a newt 42 creatures vanquished. No species were genocided or became extinct. Voluntary challenges: You were an atheist. You read items or engraved 2 times. You never genocided any monsters. You never polymorphed an object. You never changed form. You never touched an artifact. You used no wishes. You never owned a pet. You never scared an enemy with impunity. You were celibate. You never generated conflict. Achievements: You entered the Gnomish Mines. You attained the rank of Conjurer. The Dungeons of Doom: levels 1 to 3 Level 1: Many fountains. Level 2: Level 3: Stairs down to The Gnomish Mines. The Gnomish Mines: levels 4 to 6 Level 4: Level 5: <- You were here. Final resting place for you, killed by a watchman. Level 6: Game over: __________ / \ / REST \ / IN \ / PEACE \ / \ | nmlkj | | 53 Au | | killed by a | | watchman | | | | | | 2022 | *| * * * | * _________)/\\_//(\/(/\)/\//\/|_)_______ Goodbye nmlkj the Wizard... You died in The Gnomish Mines on dungeon level 5 with 1350 points, and 53 pieces of gold, after 1412 moves. You were level 5 with a maximum of 47 hit points when you died.